 Dungeon Crawl Stone Soup version 0.28-a0-948-gee6e0bcda6 (webtiles) character file.

Game seed: 10780839031303984459

86 AarnesTheHuman the Chucker (level 4, -1/72 HPs)
             Began as an Ogre Hunter on Nov 30, 2021.
             Slain by a river rat (2 damage)
             ... on level 3 of the Dungeon.
             The game lasted 00:03:12 (2779 turns).

AarnesTheHuman the Chucker (Ogre Hunter)            Turns: 2779, Time: 00:03:13

Health: -1/72      AC:  3    Str: 17    XL:     4   Next: 50%
Magic:  4/4        EV:  9    Int: 12    God:
Gold:   88         SH:  0    Dex:  9    Spells: 3/3 levels left

rFire   . . .      SeeInvis .   a - +0 short sword
rCold   . . .      Faith    .   (no shield)
rNeg    . . .      Spirit   .   b - +0 robe
rPois   .          Reflect  .   (helmet restricted)
rElec   .          Harm     .   (no cloak)
rCorr   .          Rampage  .   (gloves unavailable)
Will    .....                   (boots unavailable)
Stlth   ..........              (no amulet)
HPRegen 0.22/turn               (no ring)
MPRegen 0.09/turn               (no ring)

@: berserking, very quick
A: large, unfitting armour, tough skin 1
a: no special abilities


You were on level 3 of the Dungeon.
You visited 1 branch of the dungeon, and saw 3 of its levels.

You collected 88 gold pieces.

Inventory:

Hand Weapons
 a - a +0 short sword (weapon)
Missiles
 c - 8 large rocks (quivered)
 d - 2 throwing nets
 k - 25 sling bullets
 l - 82 stones
Armour
 b - a +0 robe (worn)
Scrolls
 e - 2 scrolls of identify {unknown}
 i - a scroll of teleportation {unknown}
 m - a scroll of magic mapping {unknown}
Potions
 f - 2 potions of lignification {unknown}
 h - 2 potions of berserk rage
 j - a potion of curing {unknown}


   Skills:
 + Level 4.1 Fighting
 * Level 5.3 Throwing
 - Level 1.7 Dodging
 - Level 0.6 Stealth


You had 3 spell levels left.
You didn't know any spells.
Your spell library contained the following spells:

 Spells                   Type           Power      Damage    Failure   Level
 Sandblast                Erth           0%         2d4       32%         1
 Passwall                 Tmut/Erth      0%         N/A       45%         2
 Stone Arrow              Conj/Erth      0%         3d7       69%         3


Dungeon Overview and Level Annotations

Branches:
Dungeon (3/15)

Altars:

Portals:
Sewer: D:3


Innate Abilities, Weirdness & Mutations

You are too large for most types of armour.
You have tough skin. (AC +1)


Message History

The rat bites you but does no damage.
You hit the rat.
You kill the rat!
You barely miss the ball python.
The ball python bites you but does no damage.
You hit the ball python.
The ball python is heavily wounded.
The ball python bites you. x2
You hit the ball python.
You kill the ball python!
You barely miss the river rat. The river rat bites you.
You hit the river rat but do no damage. The river rat bites you!
* * * LOW HITPOINT WARNING * * *
You hit the river rat.
The river rat is heavily wounded.
The river rat bites you.
* * * LOW HITPOINT WARNING * * *
You hit the river rat.
The river rat is severely wounded.
The river rat bites you but does no damage.
You hit the river rat but do no damage.
The river rat is severely wounded.
The river rat bites you.
* * * LOW HITPOINT WARNING * * *
The rat twitches its whiskers.
It was a potion of berserk rage.
A red film seems to cover your vision as you go berserk!
You feel yourself moving faster!
You feel mighty!
The river rat bites you but does no damage.
You hit the river rat.
The river rat is almost dead.
The river rat barely misses you.
You closely miss the river rat.
The river rat is almost dead.
The river rat bites you.
* * * LOW HITPOINT WARNING * * *
You closely miss the river rat.
The river rat is almost dead.
The river rat bites you.
You die...

# #.###.#.# .. #.
#$...... .# #..
#.....###### .#
.#..###.....#≈≈≈≈≈ .#
.........##.#≈r∩≈≈ .#
............#≈≈≈Sr .#
.........#..#≈≈rr≈#.#
.......<....######(.#
..........#...@rr†..#
...........##.###.#.#
#..(....#..##.# #...#
...(....#..##.# ###.#
........#.....# ...
.(...$..#.##### ####
..#######.# #.#


You could see a river rat and a rat.

Vanquished Creatures
  An orc priest (D:2)
  2 adders
  A dart slug (D:2)
  2 orcs (D:2)
  4 endoplasms
  A giant cockroach (D:3)
  4 goblins
  4 hobgoblins (D:1)
  2 quokkas (D:2)
  3 ball pythons
  A bat (D:2)
  9 rats
34 creatures vanquished.

Notes
Turn   | Place    | Note
-------+----------+-------------------------------------------
     0 | D:1      | AarnesTheHuman the Ogre Hunter began the quest for the Orb.
     0 | D:1      | Reached XP level 1. HP: 22/22 MP: 1/1
    35 | D:1      | Found a faded altar of an unknown god.
   430 | D:1      | Reached XP level 2. HP: 29/31 MP: 2/2
  1513 | D:2      | Reached XP level 3. HP: 37/37 MP: 3/3
  1845 | D:2      | Reached skill level 5 in Throwing
  1845 | D:2      | Reached XP level 4. HP: 21/48 MP: 4/4
  2749 | D:3      | Found a glowing drain.
  2778 | D:3      | HP: 1/72 [river rat (4)]
  2779 | D:3      | Slain by a river rat

Illustrated notes

Levels and vault maps discovered:
D:1:      dpeg_arrival_ternary, layout_basic, ebering_ecumenical_altar_mist
D:2:      layout_basic
D:3:      layout_basic, portal_sewer_entry_c, minmay_circle_x

Skill      XL: |  1  2  3  4 |
---------------+-------------+-----
Fighting       | 3 4 |  4.1
Throwing       | 5 |  5.3
Dodging        | |  1.7
Stealth        | |  0.6

Action                   |  1- 3 |  4- 6 || total
-------------------------+-------+-------++-------
Melee: Short sword       |    73 |    54 ||   127
Throw: Large rock        |     5 |     2 ||     7
       Javelin           |     2 |     2 ||     4
  Use: Potion            |       |     1 ||     1
Armor: Robe              |     9 |    20 ||    29
Dodge: Dodged            |    33 |    24 ||    57

Table legend: (Time is in decaauts)
 A = Elapsed time spent in this place.
 B = Non-inter-level travel time spent in this place.
 C = Inter-level travel time spent in this place.
 D = Time resting spent in this place.
 E = Time spent auto-exploring this place.
 F = Levels seen in this place.
 G = Mean time per level.
                   A        B        C        D        E       F      G
               +--------+--------+--------+--------+--------+-----+--------+
         Total |   2799 |   2690 |    109 |    168 |   2186 |   3 |  933.0 |
       Dungeon |   2799 |   2690 |    109 |    168 |   2186 |   3 |  933.0 |
               +--------+--------+--------+--------+--------+-----+--------+

Top non-repeatable levels by time:
     D:1: 1405 daAuts
     D:2: 1343 daAuts
     D:3: 51 daAuts
